 Dungeon Crawl Stone Soup version 0.31-a0-1-g4198be8af4 (webtiles) character file.

Game seed: 7254922710617513238

16 cforsyth the Sneak (level 2, -1/19 HPs)
             Began as a Vampire Enchanter on May 1, 2023.
             Slain by a cerulean imp
             ... wielding a +2 spear
             ... summoned by Natasha
              (6 damage)
             ... on level 2 of the Dungeon.
             The game lasted 00:01:00 (252 turns).

cforsyth the Sneak (Vampire Enchanter)               Turns: 252, Time: 00:01:01

Health: -1/19      AC:  2    Str:  7    XL:     2   Next: 41%
Magic:  5/5        EV: 12    Int: 17    God:
Gold:   52         SH:  0    Dex: 14    Spells: 5/5 levels left

rFire   . . .        a - +1 dagger
rCold   . . .        (no shield)
rNeg    . . .        b - +0 robe
rPois   .            (no helmet)
rElec   .            (no cloak)
rCorr   .            (no gloves)
SInv    +            (no boots)
Will    .....        (no amulet)
Stlth   +++          (no ring)
HPRegen 0.43/turn    (no ring)
MPRegen 0.09/turn

%: no passive effects
@: healing quickly, slowed, very slow
A: alive, fangs 3, see invisible, vampiric 1
a: Exsanguinate


You were on level 2 of the Dungeon.
You visited 1 branch of the dungeon, and saw 2 of its levels.

You collected 52 gold pieces.

Inventory:

Hand Weapons
 a - a +1 dagger (weapon)
Armour
 b - a +0 robe (worn)
Scrolls
 d - 2 scrolls of identify {unknown}
 f - a scroll of fog {unknown}
 h - a scroll of vulnerability {unknown}
Potions
 c - 2 potions of invisibility
 e - a potion of ambrosia {unknown}
 g - a potion of berserk rage {unknown}


   Skills:
 + Level 1.5 Short Blades
 + Level 2.4 Dodging
 + Level 4.7 Stealth
 + Level 2.2 Spellcasting
 + Level 4.6 Hexes


You had 5 spell levels left.
You didn't know any spells.
Your spell library contained the following spells:

 Spells                   Type           Power      Damage    Failure   Level
 Confusing Touch          Hex            17%        N/A       9%          3
 Tukima's Dance           Hex            17%        N/A       9%          3
 Ensorcelled Hibernation  Hex/Ice        18%        N/A       11%         2
 Kiss of Death            Conj/Necr      4%         2d5       19%         1
 Dazzling Flash           Conj/Hex       18%        N/A       22%         3
 Dispel Undead            Necr           1%         3d6       88%         4


Dungeon Overview and Level Annotations

Branches:
Dungeon (2/15)

Altars:

Annotations:
D:2 Natasha


Innate Abilities, Weirdness & Mutations

Your natural rate of healing is accelerated.
You have razor-sharp teeth.
You have supernaturally acute eyesight. (SInv)
You are afflicted with vampirism.


Message History

A kobold comes into view. It is wielding a +0 short sword.
A kobold is nearby!
The kobold shouts!
The kobold hits you but does no damage.
You hit the kobold.
The kobold is heavily wounded.
The kobold hits you with a +0 short sword.
You closely miss the kobold. Your bite misses the kobold.
The kobold is heavily wounded.
You hit the kobold.
You kill the kobold!
Things that are here:
a +0 short sword; a kobold corpse HP restored.
A goblin comes into view. It is wielding a +0 dagger.
A goblin is nearby!
A goblin is nearby!
A goblin is nearby!
Found a robe.
Found an escape hatch in the ceiling.
Found 7 gold pieces.
The goblin shouts!
You hear an angry hiss.
Natasha, Servant of Life and Death comes into view.
You hit the goblin.
You kill the goblin!
Natasha mumbles some strange words.
Natasha casts a spell at you.
You feel yourself slow down.
You see here a +0 dagger.
The cerulean imp completely misses you.
You closely miss the cerulean imp.
The cerulean imp hits you with a +0 spear.
Natasha casts a spell.
The cerulean imp hits you with a +0 spear.
The cerulean imp hits you from afar with a +0 spear.
Natasha casts a spell.
The cerulean imp hits you with a +2 spear!
* * * LOW HITPOINT WARNING * * *
The cerulean imp hits you but does no damage.
The cerulean imp hits you with a +2 spear.
You die...

#.......###....
#..............
##.#....#######
##....###
###..#.##
####5...#.[.
#h..)..$###.#
#####5##..###
.# ......5@.##
. #####.<### ..
#.# .# #. #


You could see 3 cerulean imps.

Vanquished Creatures
  An endoplasm (D:1)
  2 giant cockroaches (D:1)
  2 hobgoblins (D:1)
  A quokka (D:1)
  3 goblins
  4 kobolds
  A rat (D:1)
14 creatures vanquished.

Notes
Turn   | Place    | Note
-------+----------+-------------------------------------------
     0 | D:1      | cforsyth the Vampire Enchanter began the quest for the Orb.
     0 | D:1      | Reached XP level 1. HP: 13/13 MP: 3/3
   145 | D:1      | Reached XP level 2. HP: 19/19 MP: 5/5
   198 | D:1      | You fall into a shaft and drop 1 floor!
   246 | D:2      | Noticed Natasha
   252 | D:2      | Slain by a cerulean imp

Illustrated notes

Levels and vault maps discovered:
D:1:      nicolae_arrival_washed_ashore, layout_loops_cross,
          shapermc_ecumenical_altar_rom_forum, minmay_tromino_v2
D:2:      layout_rooms, basic_altar, uniq_natasha

Action                     || total
---------------------------++-------
  Melee: Dagger            ||    43
         Bite              ||     3
   Stab: Sleeping          ||     3
 Armour: Robe              ||     9
  Dodge: Dodged            ||    21

Table legend: (Time is in decaauts)
 A = Elapsed time spent in this place.
 B = Non-inter-level travel time spent in this place.
 C = Inter-level travel time spent in this place.
 D = Time resting spent in this place.
 E = Time spent auto-exploring this place.
 F = Levels seen in this place.
 G = Mean time per level.
                   A        B        C        D        E       F      G
               +--------+--------+--------+--------+--------+-----+--------+
         Total |    250 |    250 |      0 |      0 |    147 |   2 |  125.0 |
       Dungeon |    250 |    250 |      0 |      0 |    147 |   2 |  125.0 |
               +--------+--------+--------+--------+--------+-----+--------+

Top non-repeatable levels by time:
     D:1: 195 daAuts
     D:2: 55 daAuts
